 Dungeon Crawl Stone Soup version 0.19.0-19-g8c6edcc (webtiles) character file.

122 HungrySpirit the Chopper (level 4, -1/35 HPs)
             Began as a Mummy Gladiator on Nov 13, 2016.
             Slain by an orc wizard
             ... wielding a +1 dagger of freezing
              (2 damage)
             ... on level 4 of the Dungeon.
             The game lasted 00:02:08 (1704 turns).

HungrySpirit the Chopper (Mummy Gladiator)          Turns: 1704, Time: 00:02:08

Health: -1/35      AC:  7    Str: 19    XL:     4   Next: 78%
Magic:  13/13      EV: 10    Int:  7    God:
Gold:   168        SH:  0    Dex: 12    Spells: 0 memorised, 3 levels left

rFire  x . .     SeeInvis .     a - +0 war axe
rCold  + . .     Gourm    .     g - +0 scale mail
rNeg   + + +     Faith    .     (no shield)
rPois  ∞         Spirit   .     c - +0 helmet
rElec  .         Reflect  .     (no cloak)
rCorr  .         Harm     .     (no gloves)
MR     .....                    (no boots)
Stlth  ..........               (no amulet)
                                (no ring)
                                i - ring of magical power

@: no status effects
A: no food or potions, fire vulnerability, cold resistance 1, negative energy
resistance 3, torment resistance, unbreathing
a: no special abilities


You were on level 4 of the Dungeon.
You were not hungry.

You visited 1 branch of the dungeon, and saw 4 of its levels.

You collected 168 gold pieces.

Inventory:

Hand Weapons
 a - a +0 war axe (weapon)
Missiles
 d - 3 throwing nets (quivered)
Armour
 c - a +0 helmet (worn)
 g - a +0 scale mail (worn)
Jewellery
 i - a ring of magical power (left hand)
Wands
 k - a wand of disintegration (10/24)
Scrolls
 b - 2 scrolls of amnesia {unknown}
 e - 2 scrolls of enchant armour {unknown}
 f - 4 scrolls of identify {unknown}
 h - a scroll of enchant weapon {unknown}
 j - a scroll of immolation {unknown}
 l - 2 scrolls of teleportation {unknown}
 m - a scroll of recharging {unknown}
 n - a scroll of noise {unknown}
 o - a scroll of fear {unknown}


   Skills:
 + Level 3.0 Fighting
 * Level 4.2 Axes
 - Level 1.5 Throwing
 - Level 2.4 Dodging


You had 3 spell levels left.
You didn't know any spells.

Dungeon Overview and Level Annotations

Branches:
Dungeon (4/15)
 Temple: D:4-7

Altars:
Hepliaklqana
Makhleb
Qazlal


Innate Abilities, Weirdness & Mutations

You do not eat or drink.
Your flesh is vulnerable to fire.
You are immune to poison.
Your flesh is cold resistant. (rC+)
You are immune to negative energy. (rN+++)
You are immune to unholy pain and torment.
You can survive without breathing.


Message History

You hit the orc wizard but do no damage.
You barely miss the orc.
The orc wizard hits you with a dagger of freezing.
The orc hits you.
The orc wizard points at you and mumbles some strange words.
The magic dart hits you!
* * * LOW HITPOINT WARNING * * *
You closely miss the orc wizard. You closely miss the orc.
The orc wizard hits you with a dagger of freezing.
* * * LOW HITPOINT WARNING * * *
The orc hits you.
* * * LOW HITPOINT WARNING * * *
The orc wizard closely misses you. The orc closely misses you.
Unknown command.
You closely miss the orc wizard. You barely miss the orc.
The orc wizard gestures at you while chanting.
The magic dart hits you!
* * * LOW HITPOINT WARNING * * *
The orc wizard hits you with a dagger of freezing.
You die...

##........# ##.........#
##.........#
#..........# #####
#..........# ####...##
#..).......# ........##
#..)oo..# ......<..##
#..@.# ..........##
##.###
...........####..###
............##.....##
............#.......###
......................#
......................##
#...........##.........#
#.....)...#.####......##


You could see an orc wizard and an orc.

Vanquished Creatures
  An orc priest (D:4)
  4 adders
  An ooze (D:2)
  A dart slug (D:2)
  2 orcs
  12 bats
  2 giant cockroaches (D:2)
  5 goblins
  4 hobgoblins
  4 kobolds
  3 quokkas
  A ball python (D:2)
  3 frilled lizards
  4 rats
47 creatures vanquished.

Notes
Turn   | Place    | Note
-------+----------+-------------------------------------------
     0 | D:1      | HungrySpirit the Mummy Gladiator began the quest for the Orb.
     0 | D:1      | Reached XP level 1. HP: 16/16 MP: 1/1
   173 | D:1      | Reached XP level 2. HP: 17/22 MP: 2/2
   438 | D:2      | Found a hazy altar of Hepliaklqana.
   441 | D:2      | Reached skill level 3 in Axes
   470 | D:2      | Reached XP level 3. HP: 21/28 MP: 3/3
  1194 | D:3      | Reached XP level 4. HP: 33/34 MP: 4/4
  1385 | D:3      | Found a burning altar of Makhleb.
  1385 | D:3      | Found a stormy altar of Qazlal.
  1694 | D:4      | Reached skill level 4 in Axes
  1704 | D:4      | HP: 1/35 [orc wizard/magic dart (3)]
  1704 | D:4      | Slain by an orc wizard

Skill      XL: |  1  2  3  4 |
---------------+-------------+-----
Axes           | 3 4 |  4.2
Fighting       | 3 |  3.0
Throwing       | |  1.5
Dodging        | |  2.4

Action                   |  1- 3 |  4- 6 || total
-------------------------+-------+-------++-------
Melee: War axe           |   130 |    32 ||   162
Armor: Scale mail        |    92 |    26 ||   118
       Leather armour    |     3 |       ||     3
Dodge: Dodged            |   108 |    32 ||   140
